cohdb
Replays
Latest Replays
All Replays
Popular Replays
Top Player Replays
Match Explorer
How It Works
Community
CoH3 Stats
Reddit
Sign in to upload your games and track your stats! →
Sign in with Steam
Match 43451608
Unlisted
Match 43451608
Overview
Messages
Build Orders
End
Construct Section Command Post
Infantry Section
Infantry Section
ML 3-inch Mortar Team
Infantry Section
Construct Platoon Command Post
Selects Indian Artillery Battlegroup
Selects Towed ML 4.2-inch Heavy Mortar
Construct Field Infirmary
Towed ML 4.2-inch Heavy Mortar
CMP 15cwt Truck
Selects Off-map Airburst Barrage
Selects BL5.5 Artillery Emplacement
Revy106
DoMxNightM4rE
đź’§CheckO ||30|| FpSđź’§
Zerg6412
simranjitsingh713
[VN]Valkyrie
0
0
Comments
sign in to comment!
No comments posted yet!